 Dungeon Crawl Stone Soup version 0.25.0-1-g7eea58d (webtiles) character file.

Game seed: 2640593596596707046

258254 Dorkslayer the Brawler (level 19, -3/189 HPs)
             Began as a Troll Fighter on July 7, 2020.
             Was a High Priest of Okawaru.
             Succumbed to a ghost moth's poison
             ... on level 4 of the Spider Nest on July 8, 2020.
             The game lasted 03:45:48 (32370 turns).

Dorkslayer the Brawler (Troll Fighter)             Turns: 32370, Time: 03:45:48

Health: -3/189     AC: 22    Str: 32      XL:     19   Next: 50%
Magic:  0/24       EV: 16    Int:  6 (9)  God:    Okawaru [*****.]
Gold:   1997       SH:  0    Dex: 17      Spells: 18/18 levels left

rFire    + . .     SeeInvis .     - Unarmed
rCold    + + .     Gourm    +   y - +8 tower shield {reflect}
rNeg     + + +     Faith    .   C - +0 ice dragon scales
rPois    .         Spirit   .   R - +2 hat {MR+}
rElec    +         Reflect  +   j - +0 cloak of Compression {MR++}
rCorr    .         Harm     .   (gloves unavailable)
MR       +++++                  (boots unavailable)
Stlth    ..........             W - amulet of Suspected Treachery {rElec rC+ MR+ Regen+ Stlth+}
HPRegen  1.21/turn              N - ring of the Yeti {rF++ EV+4 Int+2}
MPRegen  0.19/turn              f - ring of the Cuttlefish {+Fly rElec rC- rN+++ Dex+6}

@: confused, lethally poisoned (-3 -> -88), slowed, very slow
A: large, unfitting armour, claws 3, iridescent scales 1, clever 1, fast
metabolism 3, gourmand, regeneration 1, shaggy fur 1, tough skin 3
}: 1/15 runes: barnacled
a: Heroism, Finesse, Renounce Religion, Evoke Flight


You were on level 4 of the Spider Nest.
You worshipped Okawaru.
Okawaru was extremely pleased with you.
You were full.

You visited 7 branches of the dungeon, and saw 35 of its levels.
You also visited: Sewer, Bailey and Ice Cave.

You collected 4924 gold pieces.
You spent 2927 gold pieces at shops.

Inventory:

Hand Weapons
 r - a +8 scimitar of flaming
Missiles
 b - 5 atropa-tipped darts
 e - 6 throwing nets
 A - 28 javelins
 E - 41 boomerangs (quivered)
 U - 8 silver boomerangs
Armour
 j - the +0 cloak of Compression (worn) {MR++}
   (You found it in a bailey)

   It affects your resistance to hostile enchantments.
 y - a +8 tower shield of reflection (worn)
 C - +0 ice dragon scales (worn)
 R - a +2 hat of magic resistance (worn)
 S - a +2 hat of see invisible
Jewellery
 f - the ring of the Cuttlefish (right claw) {+Fly rElec rC- rN+++ Dex+6}
   (You found it on level 3 of the Elven Halls)

   [ring of dexterity]

   It affects your dexterity (+6).
   It makes you vulnerable to cold.
   It insulates you from electricity.
   It renders you almost immune to negative energy.
   It lets you fly.
 g - the ring of Xom's Fair Game {rElec rN+ EV+4 Str+4}
   (You bought it in a shop on level 2 of the Orcish Mines)

   [ring of evasion]

   It affects your evasion (+4).
   It affects your strength (+4).
   It insulates you from electricity.
   It protects you from negative energy.
 N - the ring of the Yeti (left claw) {rF++ EV+4 Int+2}
   (You found it on level 10 of the Dungeon)

   [ring of evasion]

   It affects your evasion (+4).
   It affects your intelligence (+2).
   It greatly protects you from fire.
 W - the amulet of Suspected Treachery (around neck) {rElec rC+ MR+ Regen+ Stlth+}
   (You found it on level 3 of the Elven Halls)

   [amulet of regeneration]

   It protects you from cold.
   It insulates you from electricity.
   It affects your resistance to hostile enchantments.
   It increases your rate of regeneration.
   It makes you more stealthy.
Wands
 a - a wand of acid (41)
 o - a wand of clouds (6)
 x - a wand of paralysis (14)
 D - a wand of digging (6)
 I - a wand of flame (53)
Scrolls
 i - 19 scrolls of remove curse
 k - 15 scrolls of teleportation
 n - 4 scrolls of enchant armour
 p - 4 scrolls of blinking
 t - 7 scrolls of fog
 u - 2 scrolls of silence
 v - 4 scrolls of identify
 F - 3 scrolls of immolation
 J - 6 scrolls of fear
 L - a scroll of magic mapping
 M - 4 scrolls of summoning
 X - a scroll of holy word
Potions
 h - 12 potions of curing
 q - 3 potions of resistance
 s - 2 potions of ambrosia
 w - 5 potions of magic
 z - 4 potions of haste
 B - 6 potions of stabbing
 G - 2 potions of mutation
 K - a potion of invisibility
 O - 3 potions of berserk rage
 P - 6 potions of might
 Q - 8 potions of flight
 T - 9 potions of heal wounds
Miscellaneous
 c - a tin of tremorstones (inert)
 l - 3 phantom mirrors
 m - a lightning rod (4/4)
 H - a phial of floods
Comestibles
 d - 63 rations


   Skills:
 * Level 12.1 Fighting
 - Level 3.0 Long Blades
 - Level 4.4 Throwing
 + Level 10.9 Armour
 - Level 7.5 Dodging
 - Level 1.4 Stealth
 - Level 12.4 Shields
 + Level 20.2 Unarmed Combat
 + Level 8.8 Invocations
 + Level 8.2 Evocations


You had 18 spell levels left.
You didn't know any spells.
Your spell library contained the following spells:

 Spells                   Type           Power        Failure   Level  Hunger
 Animate Skeleton         Necr           N/A          86%         1    ##.....
 Apportation              Tloc           #.....       86%         1    ##.....
 Corona                   Hex            #......      86%         1    ##.....
 Foxfire                  Conj/Fire      #...         86%         1    ##.....
 Infusion                 Chrm           #...         86%         1    ##.....
 Magic Dart               Conj           #...         86%         1    ##.....
 Pain                     Necr           #...         86%         1    ##.....
 Sandblast                Erth           #.....       86%         1    ##.....
 Sting                    Tmut/Pois      #...         86%         1    ##.....
 Summon Butterflies       Summ           #.......     86%         1    ##.....
 Summon Small Mammal      Summ           #...         86%         1    ##.....
 Blink                    Tloc           N/A          95%         2    ###....
 Call Imp                 Summ           #.......     95%         2    ###....
 Ensorcelled Hibernation  Hex/Ice        #.....       95%         2    ###....
 Passwall                 Tmut/Erth      #.......     95%         2    ###....
 Poisonous Vapours        Pois/Air       #.....       95%         2    ###....
 Searing Ray              Conj           #.....       95%         2    ###....
 Shroud of Golubria       Chrm/Tloc      #.....       95%         2    ###....
 Slow                     Hex            #.......     95%         2    ###....
 Song of Slaying          Chrm           #.......     95%         2    ###....
 Sublimation of Blood     Necr           #.........   95%         2    ###....
 Call Canine Familiar     Summ           #.......     99%         3    ####...
 Confusing Touch          Hex            #.......     99%         3    ####...
 Conjure Flame            Conj/Fire      #.......     99%         3    ####...
 Dazzling Flash           Conj/Hex       #.....       99%         3    ####...
 Gell's Gravitas          Tloc           #.........   99%         3    ####...
 Ignite Poison            Fire/Tmut/Pois #.......     99%         3    ####...
 Inner Flame              Hex/Fire       #.......     99%         3    ####...
 Lesser Beckoning         Tloc           #.........   99%         3    ####...
 Mephitic Cloud           Conj/Pois/Air  #.......     99%         3    ####...
 Ozocubu's Armour         Chrm/Ice       #.......     99%         3    ####...
 Portal Projectile        Hex/Tloc       #.....       99%         3    ####...
 Spectral Weapon          Hex/Chrm       #.......     99%         3    ####...
 Static Discharge         Conj/Air       #.......     99%         3    ####...
 Stone Arrow              Conj/Erth      #.....       99%         3    ####...
 Summon Guardian Golem    Hex/Summ       #.......     99%         3    ####...
 Tukima's Dance           Hex            #.......     99%         3    ####...
 Vampiric Draining        Necr           #.........   99%         3    ####...
 Animate Dead             Necr           N/A          100%        4    #####..
 Cause Fear               Hex            #.........   100%        4    #####..
 Fulminant Prism          Conj/Hex       #.........   100%        4    #####..
 Iskenderun's Mystic Bla  Conj/Tloc      #.......     100%        4    #####..
 Leda's Liquefaction      Hex/Erth       #.........   100%        4    #####..
 Olgreb's Toxic Radiance  Pois           #.......     100%        4    #####..
 Petrify                  Tmut/Erth      #.......     100%        4    #####..
 Sticky Flame             Conj/Fire      #.......     100%        4    #####..
 Summon Ice Beast         Ice/Summ       #.......     100%        4    #####..
 Summon Lightning Spire   Summ/Air       #.......     100%        4    #####..
 Agony                    Necr           #.......     100%        5    ######.
 Alistair's Intoxication  Tmut/Pois      #.......     100%        5    ######.
 Bolt of Magma            Conj/Fire/Erth #.........   100%        5    ######.
 Excruciating Wounds      Chrm/Necr      #.........   100%        5    ######.
 Fireball                 Conj/Fire      #.........   100%        5    ######.
 Irradiate                Conj/Tmut      #.........   100%        5    ######.
 Lee's Rapid Deconstruct  Erth           #.........   100%        5    ######.
 Lightning Bolt           Conj/Air       #.........   100%        5    ######.
 Metabolic Englaciation   Hex/Ice        #.........   100%        5    ######.
 Silence                  Hex/Air        #.........   100%        5    ######.
 Yara's Violent Unravell  Hex/Tmut       #.........   100%        5    ######.
 Eringya's Noxious Bog    Tmut/Pois      #.........   100%        6    #######
 Freezing Cloud           Conj/Ice/Air   #.........   100%        6    #######
 Invisibility             Hex            #.......     100%        6    #######
 Iron Shot                Conj/Erth      #.........   100%        6    #######
 Starburst                Conj/Fire      #.........   100%        6    #######
 Statue Form              Tmut/Erth      #........    100%        6    #######
 Haunt                    Necr/Summ      #.........   100%        7    #######
 Ring of Flames           Chrm/Fire      #.........   100%        7    #######
 Borgnjor's Revivificati  Necr           #.........   100%        8    #######
 Death's Door             Chrm/Necr      #.........   100%        8    #######
 Discord                  Hex            #.........   100%        8    #######
 Ignition                 Fire           #.........   100%        8    #######
 Infestation              Necr           #.........   100%        8    #######
 Necromutation            Tmut/Necr      #.........   100%        8    #######
 Shatter                  Erth           #.........   100%        9    #######
 Tornado                  Air            #.........   100%        9    #######


Dungeon Overview and Level Annotations

Branches:
Dungeon (15/15)            Temple (0/1) D:6            Lair (6/6) D:11
 Shoals (4/4) Lair:3       Spider (4/4) Lair:3        Slime (0/5) Lair:6
    Orc (2/2) D:11            Elf (3/3) Orc:2        Vaults (0/5) D:14
 Depths (1/5) D:15          Sewer (visited)          Bailey (visited)
  IceCv (visited)

Altars:
Ashenzari
Cheibriados
Elyvilon
Fedhas
Hepliaklqana
Kikubaaqudgha
Nemelex Xobeh
Okawaru
Ru
Trog
Vehumet
Wu Jian
The Shining One
Beogh

Shops:
D:4 *   D:8 *   D:9 (   D:12 (   Orc:2 *=[(   Elf:1 }   Elf:3 [

Portals:
Hell: Depths:1
Trove: D:13 (give 7 scrolls of fog)

Annotations:
Elf:2 5 runed translucent doors


Innate Abilities, Weirdness & Mutations

You are too large for most types of armour.
You have claws for hands.
Your metabolism is lightning-fast.
You like to eat raw meat.
Your natural rate of healing is unusually fast.
You are covered in fur. (AC +1)
You have extremely tough skin. (AC +3)
You are partially covered in iridescent scales. (AC +2)
Your mind is acute. (Int +2)


Message History

You feel your power leaking away. Something closely misses you.
Something hits you but does no damage.
Something stings you but does no damage.
The tarantella barely misses you. The hornet misses you.
The emperor scorpion closely misses you.
The emperor scorpion claws you!
* * * LOW HITPOINT WARNING * * *
The emperor scorpion claws you but does no damage.
The tarantella bites you.
* * * LOW HITPOINT WARNING * * *
The redback closely misses you.
You feel you are being watched by something.
Something completely misses you. Something hits you but does no damage.
Something stings you.
* * * LOW HITPOINT WARNING * * *
You are more poisoned.
Something poisons you! The wolf spider closely misses you.
The wolf spider completely misses you.
You continue taking off your +2 hat of magic resistance.
You die...

^,,,,,,,,,,,<,,,,,,,,,,,,,,,**^**
***,,,,,,...............,,,,,,,,*
*,**,,,^,.^..............,,^,,,,*
^,,***,,,................,,,,,,,,
,,,,,****...........†....,,,,,,,,
*,,,,,,**..^............^,,,,,,,,
*^,,,,,,*^......s..†.....,,,,,,,,
**,,,,,,,......ss:...†...,,,,,,,,
*,^,,,,,......s@ss.^....,,,,,,,,
********####^.yss.......^,,,,,,,
*^,,^*^,##..ssss....^,,,,,,,,
**^,,,*#.^.....s......,,,,,,,,
**,,,,,,......^........,^,,,^,,
*,,,,,,................,,,,,,,,
***,,,,..^.............,,,,,,,,
**,,,##.......^###...,,,,,,^,
*****##########**...,,,,,,,,


You could see an emperor scorpion, a wolf spider, an orb spider, a hornet, 7
tarantellas and 3 redbacks.

Vanquished Creatures
  Saint Roka (Orc:2)
  A lich (D:15)
  Jorgrun (D:13)
  2 deep elf blademasters (Elf:3)
  2 deep elf master archers (Elf:3)
  Kirke (Spider:3)
  Gastronok (Lair:2)
  Agnes (Elf:2)
  Donald (Shoals:2)
  Roxanne (Shoals:2)
  A frost giant (Depths:1)
  A fire giant (Depths:1)
  8 deep elf sorcerers
  An orc warlord (Orc:1)
  A ghost moth (Spider:2)
  2 deep elf elementalists
  5 stone giants
  An entropy weaver (Spider:3)
  8 very ugly things
  10 deep elf demonologists
  Nessos (D:13)
  A dire elephant (D:15)
  9 deep elf annihilators
  The ghost of FlyingBird the Blocker, a journeyman TrCK of Xom (Lair:6)
  3 spark wasps (Depths:1)
  2 ettins
  4 deep elf death magi (Elf:3)
  A merfolk javelineer (Shoals:4)
  2 deep elf high priests (Elf:3)
  A great orb of eyes (Depths:1)
  A yaktaur captain (Depths:1)
  5 merfolk impalers
  2 fire dragons (Depths:1)
  An ice dragon (Depths:1)
  Harold (D:7)
  4 centaur warriors
  4 hydras
  2 catoblepae
  3 alligator snapping turtles
  Erica (D:9)
  2 merfolk aquamancers (Shoals:4)
  3 satyrs
  2 deep troll shamans
  A tengu warrior (Depths:1)
  6 death yaks (Lair:6)
  7 deep troll earth magi
  3 two-headed ogres
  Urug (Orc:2)
  18 dancing weapons
  A vampire mage (Depths:1)
  An orc high priest (Orc:2)
  7 deep elf knights
  Nergalle (Lair:2)
  8 slime creatures
  9 sea snakes
  2 wizards
  2 cherubim (D:13)
  2 glowing orange brains (Depths:1)
  A deep troll (Depths:1)
  2 flayed ghosts
  4 unseen horrors
  10 deep elf archers
  3 orc knights
  A lindwurm (Lair:6)
  An orange crystal statue (Elf:1)
  46 deep elf magi
  17 orb spiders
  23 harpies
  10 ugly things
  2 rime drakes (Lair:6)
  18 wolf spiders
  9 manticores
  6 cyclopes
  3 orc sorcerers
  6 fauns
  5 oklob plants
  4 moths of wrath
  Maurice (D:13)
  14 elephants
  Psyche (D:9)
  6 black mambas
  2 torpor snails
  8 merfolk sirens
  2 gargoyles
  9 spiny frogs
  Joseph (D:7)
  8 water nymphs
  5 ice statues (IceCv)
  A freezing wraith (D:15)
  3 kobold demonologists
  An anaconda simulacrum (IceCv)
  5 komodo dragons
  2 ice devils (Depths:1)
  An efreet (D:14)
  3 yaktaurs
  15 demonic crawlers
  A polar bear (shapeshifter) (Elf:1)
  11 trolls
  20 jumping spiders
  2 hornets
  18 merfolk
  5 wind drakes
  14 blink frogs
  10 dream sheep
  11 snapping turtles
  10 hippogriffs
  A shadow (D:14)
  2 dire elephant simulacra (IceCv)
  57 redbacks
  2 air elementals
  A tarantella (shapeshifter) (Depths:1)
  19 tarantellas
  4 wyverns
  29 yaks
  10 water elementals
  A wraith (D:12)
  9 basilisks
  3 hungry ghosts
  Grum (D:8)
  8 vampire mosquitoes
  12 centaurs
  A steam dragon (D:5)
  6 wargs
  4 harpy simulacra (IceCv)
  2 hydra simulacra (IceCv)
  2 soldier ants (D:9)
  7 porcupines
  12 water moccasins
  3 black bears
  12 ice beasts
  29 orc warriors
  4 sky beasts
  2 phantoms
  11 wolves
  14 ogres
  14 crocodiles
  4 big kobolds (D:14)
  20 bullfrogs
  3 earth elementals
  5 scorpions
  A wyvern skeleton (D:10)
  9 killer bees
  A howler monkey (D:14)
  14 wights
  2 electric eels (D:13)
  8 crimson imps
  4 centaur zombies
  A quasit (D:10)
  4 centaur skeletons
  2 bullfrog zombies
  3 jellies
  6 hounds
  19 orc priests
  25 orc wizards
  2 bullfrog skeletons
  5 hell rats (Lair:5)
  6 iguanas
  12 worker ants
  A killer bee zombie (D:6)
  A hound skeleton (D:5)
  A howler monkey zombie (D:5)
  4 gnolls (D:7)
  16 adders
  4 river rats (D:5)
  2 shadow imps
  3 white imps (Depths:1)
  3 oozes
  2 adder skeletons
  3 worms
  5 dart slugs
  4 leopard geckos
  67 orcs
  7 ball pythons
  5 bats
  9 giant cockroaches
  7 goblins
  2 hobgoblins (D:3)
  8 jackals
  4 quokkas
  A ball python zombie (D:6)
  8 frilled lizards
  9 kobolds
  A leopard gecko skeleton (D:5)
  9 rats
  7 fungi
  13 plants
1180 creatures vanquished.

Vanquished Creatures (collateral kills)
  An orc warrior (Orc:2)
  A centaur (D:8)
  An orc (Orc:2)
3 creatures vanquished.

Vanquished Creatures (others)
  A dancing weapon (Elf:1)
  A deep elf archer (Elf:2)
  An orc knight (Orc:2)
  A manticore (Shoals:4)
  An elephant (Lair:6)
  5 humans (Spider:3)
  A wolf (D:8)
  2 orc warriors
  An orc (Orc:2)
  3 fungi
  4 plants
21 creatures vanquished.

Grand Total: 1204 creatures vanquished

Notes
Turn   | Place    | Note
-------+----------+-------------------------------------------
     0 | D:1      | Dorkslayer the Troll Fighter began the quest for the Orb.
     0 | D:1      | Reached XP level 1. HP: 22/22 MP: 0/0
   368 | D:1      | Reached XP level 2. HP: 29/29 MP: 1/1
  1223 | D:2      | Reached XP level 3. HP: 36/36 MP: 2/2
  2089 | D:3      | Reached skill level 3 in Unarmed Combat
  2236 | D:3      | Reached skill level 1 in Armour
  2268 | D:3      | Reached XP level 4. HP: 44/44 MP: 3/3
  2814 | D:4      | Noticed an ogre
  2823 | D:4      | Killed an ogre
  2823 | D:4      | Reached skill level 4 in Unarmed Combat
  2823 | D:4      | Reached XP level 5. HP: 50/50 MP: 4/4
  2890 | D:4      | Found Firar's General Store.
  2905 | D:4      | Bought a scroll of identify for 20 gold pieces
  2905 | D:4      | Bought a potion of brilliance for 40 gold pieces
  3271 | D:5      | Entered Level 5 of the Dungeon
  3280 | D:5      | Noticed an ogre
  3281 | D:5      | Noticed a phantom
  3317 | D:5      | Noticed a water moccasin
  3322 | D:5      | Reached XP level 6. HP: 36/59 MP: 5/5
  3325 | D:5      | Killed a water moccasin
  3330 | D:5      | Reached skill level 5 in Unarmed Combat
  3331 | D:5      | Gained mutation: You are partially covered in iridescent
                  | scales. (AC +2) [potion of mutation]
  3331 | D:5      | Gained mutation: Your mind is acute. (Int +2) [potion of
                  | mutation]
  3364 | D:5      | Noticed a steam dragon
  3370 | D:5      | Killed a steam dragon
  3370 | D:5      | Reached XP level 7. HP: 24/66 MP: 6/6
  3438 | D:5      | Found a glowing drain.
  3448 | Sewer    | Entered a sewer
  3552 | Sewer    | Reached skill level 6 in Unarmed Combat
  4040 | D:5      | Found a blossoming altar of Fedhas.
  4049 | D:5      | Reached XP level 8. HP: 74/74 MP: 7/7
  4065 | D:5      | Reached skill level 7 in Unarmed Combat
  4148 | D:5      | Got a bound steel ring
  4150 | D:5      | Identified the ring "Qimma" {+Fly MR+ Dex+6 Stlth+} (You
                  | found it on level 5 of the Dungeon)
  4338 | D:6      | Reached skill level 1 in Throwing
  4355 | D:6      | Found an iron altar of Okawaru.
  4363 | D:6      | Became a worshipper of Warmaster Okawaru
  4436 | D:6      | Reached skill level 8 in Unarmed Combat
  4511 | D:6      | Found a staircase to the Ecumenical Temple.
  4717 | D:4      | Bought a +0 tower shield of reflection for 85 gold pieces
  5180 | D:7      | Reached * piety under Okawaru
  5218 | D:7      | Reached XP level 9. HP: 68/81 MP: 8/8
  5378 | D:7      | Noticed Joseph
  5383 | D:7      | Paralysed by Joseph for 2 turns
  5387 | D:7      | Killed Joseph
  5387 | D:7      | Reached skill level 9 in Unarmed Combat
  5387 | D:7      | Reached skill level 1 in Invocations
  5487 | D:7      | Reached skill level 5 in Shields
  5494 | D:7      | Noticed Harold
  5524 | D:7      | Killed Harold
  5524 | D:7      | Reached ** piety under Okawaru
  5524 | D:7      | Reached skill level 1 in Evocations
  5549 | D:7      | Found a bloodstained altar of Trog.
  5583 | D:7      | Found a white marble altar of Elyvilon.
  5585 | D:7      | Found a sparkling altar of Nemelex Xobeh.
  5585 | D:7      | Found a hazy altar of Hepliaklqana.
  5587 | D:7      | Found a sacrificial altar of Ru.
  5587 | D:7      | Found a shattered altar of Ashenzari.
  5588 | D:7      | Found an ornate altar of the Wu Jian Council.
  5882 | D:8      | Found a white marble altar of Elyvilon.
  6044 | D:8      | Noticed Grum
  6062 | D:8      | Killed Grum
  6066 | D:8      | Reached XP level 10. HP: 83/91 MP: 10/10
  6105 | D:8      | Found Deitatsa's General Store.
  6111 | D:8      | Bought a potion of heal wounds for 75 gold pieces
  6149 | D:8      | Reached skill level 10 in Unarmed Combat
  6488 | D:9      | Found a glowing golden altar of the Shining One.
  6744 | D:9      | Reached *** piety under Okawaru
  6773 | D:9      | Noticed Erica
  6784 | D:9      | Killed Erica
  6802 | D:9      | Noticed Psyche
  6810 | D:9      | Killed Psyche
  6885 | D:9      | Found Zoucom's Weapon Shop.
  6972 | D:9      | Reached **** piety under Okawaru
  7288 | D:10     | Entered Level 10 of the Dungeon
  7288 | D:10     | Noticed a gargoyle
  7292 | D:10     | Killed a gargoyle
  7321 | D:10     | Reached skill level 1 in Long Blades
  7454 | D:10     | Noticed a two-headed ogre
  7462 | D:10     | Killed a two-headed ogre
  7462 | D:10     | Reached ***** piety under Okawaru
  7469 | D:10     | Reached XP level 11. HP: 74/97 MP: 12/12
  7592 | D:10     | Killed an unseen horror
  7782 | D:10     | Reached skill level 11 in Unarmed Combat
  7807 | D:10     | Received a gift from Okawaru
  8045 | D:10     | Reached skill level 5 in Armour
  8045 | D:10     | Reached skill level 5 in Dodging
  8132 | D:10     | Got a brightly glowing wooden ring
  8242 | D:10     | Identified the ring of the Yeti {rF++ EV+4 Int+2} (You
                  | found it on level 10 of the Dungeon)
  8269 | D:11     | Received a gift from Okawaru
  8360 | D:11     | Found a staircase to the Orcish Mines.
  8376 | D:11     | Found a staircase to the Lair.
  8427 | D:11     | Found a roughly hewn altar of Beogh.
  8947 | D:11     | Killed an unseen horror
  8947 | D:11     | Received a gift from Okawaru
  9457 | D:12     | Reached XP level 12. HP: 107/107 MP: 14/14
  9488 | D:12     | Noticed a five-headed hydra
  9495 | D:12     | Killed a one-headed hydra
  9757 | D:12     | Found Coaloo's Weapon Shop.
 10128 | D:12     | Noticed a two-headed ogre
 10140 | D:12     | Killed a two-headed ogre
 10140 | D:12     | Reached skill level 5 in Invocations
 10693 | D:13     | Reached skill level 5 in Fighting
 10707 | D:13     | Found a portal to a secret trove of treasure.
 10708 | D:13     | Noticed Nessos
 10717 | D:13     | Killed Nessos
 10742 | D:13     | Noticed a catoblepas
 10808 | D:13     | Noticed a two-headed ogre
 10811 | D:13     | Reached ****** piety under Okawaru
 10816 | D:13     | Killed a two-headed ogre
 10830 | D:13     | Noticed Jorgrun
 10850 | D:13     | Killed Jorgrun
 10850 | D:13     | Received a gift from Okawaru
 10898 | D:13     | Killed a catoblepas
 10898 | D:13     | Reached skill level 12 in Unarmed Combat
 11038 | D:13     | Reached XP level 13. HP: 111/119 MP: 9/16
 11427 | D:13     | Noticed Maurice
 11443 | D:13     | Killed Maurice
 11560 | D:13     | Received a gift from Okawaru
 11563 | D:13     | Got a shimmering kite shield {god gift}
 11631 | D:13     | Identified the +4 kite shield of Grace {-Tele rElec Dex+2}
                  | (Okawaru gifted it to you on level 13 of the Dungeon)
 11853 | D:13     | Found an ancient bone altar of Kikubaaqudgha.
 12150 | D:14     | Reached skill level 10 in Shields
 12170 | D:14     | Found a gate to the Vaults.
 12178 | D:14     | Found a flagged portal.
 12196 | Bailey   | Entered a bailey
 12489 | Bailey   | Got a slimy cloak
 13185 | D:14     | Identified the +0 cloak of Compression {MR++} (You found it
                  | in a bailey)
 13343 | D:4      | Bought a tin of tremorstones (3/3) for 400 gold pieces
 13467 | Orc:1    | Entered Level 1 of the Orcish Mines
 13659 | Orc:1    | Found a roughly hewn altar of Beogh.
 13824 | Orc:1    | Noticed an orc warlord
 13842 | Orc:1    | Killed an orc warlord
 14110 | Orc:2    | Entered Level 2 of the Orcish Mines
 14441 | Orc:2    | Found a radiant altar of Vehumet.
 14443 | Orc:2    | Found a staircase to the Elven Halls.
 14577 | Orc:2    | Noticed a stone giant
 14598 | Orc:2    | Killed a stone giant
 14598 | Orc:2    | Received a gift from Okawaru
 14830 | Orc:2    | Reached XP level 14. HP: 125/131 MP: 17/17
 14918 | Orc:2    | Noticed Saint Roka
 14941 | Orc:2    | Killed Saint Roka
 14941 | Orc:2    | Reached skill level 13 in Unarmed Combat
 14947 | Orc:2    | Found a roughly hewn altar of Beogh.
 14954 | Orc:2    | Noticed Urug
 14964 | Orc:2    | Reached skill level 5 in Evocations
 14968 | Orc:2    | Killed Urug
 14999 | Orc:2    | Found Duntiahix's Jewellery Emporium.
 15008 | Orc:2    | Found Weroro Ipisi's Antique Weapon Emporium.
 15016 | Orc:2    | Found Raeh's Antique Armour Emporium.
 15025 | Orc:2    | Found Itiuso's General Store.
 15156 | Orc:2    | Bought a scroll of identify for 26 gold pieces
 15156 | Orc:2    | Bought a scroll of enchant armour for 97 gold pieces
 15156 | Orc:2    | Bought a scroll of immolation for 45 gold pieces
 15424 | Orc:2    | Bought the ring of Xom's Fair Game {rElec rN+ EV+4 Str+4}
                  | for 876 gold pieces
 15504 | Lair:1   | Entered Level 1 of the Lair of Beasts
 16387 | Lair:2   | Noticed Nergalle
 16397 | Lair:2   | Killed Nergalle
 16579 | Lair:2   | Noticed Gastronok
 16595 | Lair:2   | Killed Gastronok
 16595 | Lair:2   | Reached skill level 1 in Stealth
 16649 | Lair:2   | Identified a scroll of acquirement
 17041 | Lair:3   | Found a hole to the Spider Nest.
 17326 | Lair:3   | Found a staircase to the Shoals.
 17331 | Lair:3   | Received a gift from Okawaru
 18418 | Lair:5   | Found a white marble altar of Elyvilon.
 18483 | Lair:5   | Got a slimy iron amulet
 18501 | Lair:5   | Identified the amulet of Wuhoyfoch {MR+ Regen+} (You found
                  | it on level 5 of the Lair of Beasts)
 18947 | Lair:6   | Entered Level 6 of the Lair of Beasts
 19002 | Lair:6   | Received a gift from Okawaru
 19033 | Lair:6   | Reached skill level 14 in Unarmed Combat
 19044 | Lair:6   | Found a snail-covered altar of Cheibriados.
 19077 | Lair:6   | Reached XP level 15. HP: 132/143 MP: 19/19
 19163 | Lair:6   | Received a gift from Okawaru
 19220 | Lair:6   | Found a transporter.
 19225 | Lair:6   | Noticed FlyingBird's ghost (journeyman TrCK)
 19254 | Lair:6   | Found a transporter.
 19358 | Lair:6   | Killed FlyingBird's ghost
 19380 | Lair:6   | Got a vibrating brass ring
 19757 | Lair:6   | Identified the Disquisition on Protection
 19883 | Lair:6   | Found a staircase to the Slime Pits.
 20547 | D:8      | Bought a potion of curing for 45 gold pieces
 20671 | Orc:2    | Bought a potion of resistance for 130 gold pieces
 20857 | D:15     | Entered Level 15 of the Dungeon
 21079 | D:15     | Identified the ring "Fatebb" {*Slow +Fly rElec rF+++ Dex+6}
                  | (You found it on level 6 of the Lair of Beasts)
 21498 | D:15     | Found a staircase to the Depths.
 21681 | Depths:1 | Entered Level 1 of the Depths
 21681 | Depths:1 | Noticed a lich
 21699 | D:15     | Killed a lich
 21703 | D:15     | Received a gift from Okawaru
 21901 | Depths:1 | Found a gateway to Hell.
 22149 | Depths:1 | Noticed a fire giant
 22170 | Depths:1 | Killed a fire giant
 22268 | Depths:1 | Reached XP level 16. HP: 153/153 MP: 20/20
 22334 | D:15     | Received a gift from Okawaru
 22462 | Depths:1 | Reached skill level 15 in Unarmed Combat
 22633 | Depths:1 | Received a gift from Okawaru
 22943 | Elf:1    | Entered Level 1 of the Elven Halls
 23179 | Elf:1    | Received a gift from Okawaru
 23180 | Elf:1    | Got a wizard robe {god gift}
 23191 | Elf:1    | Identified the +1 robe of Hadjma {Harm Int+2} (Okawaru
                  | gifted it to you on level 1 of the Elven Halls)
 23500 | Elf:1    | Found Ogeudd's Gadget Emporium.
 23582 | Elf:1    | Bought a wand of acid (12) for 544 gold pieces
 23582 | Elf:1    | Bought a wand of acid (12) for 544 gold pieces
 23938 | Elf:1    | Reached skill level 16 in Unarmed Combat
 24372 | Elf:1    | Got a shimmering morningstar
 24641 | Elf:2    | Found a huge runed translucent gate.
 24641 | Elf:2    | Found a huge runed translucent gate.
 24641 | Elf:2    | Found a huge runed translucent gate.
 24650 | Elf:2    | Found a huge runed translucent gate.
 24650 | Elf:2    | Found a huge runed translucent gate.
 24676 | Elf:2    | Reached XP level 17. HP: 165/165 MP: 21/21
 24943 | Elf:2    | Noticed Agnes
 24948 | Elf:2    | Killed Agnes
 24948 | Elf:2    | Reached skill level 10 in Fighting
 25220 | Elf:3    | Entered Level 3 of the Elven Halls
 25252 | Elf:3    | Received a gift from Okawaru
 25378 | Elf:3    | Found Poasmaca's Armour Shop.
 25914 | Elf:3    | Noticed a deep elf blademaster
 25917 | Elf:3    | Noticed a deep elf blademaster
 25921 | Elf:3    | Reached skill level 17 in Unarmed Combat
 25933 | Elf:3    | Killed a deep elf blademaster
 25934 | Elf:3    | Killed a deep elf blademaster
 25939 | Elf:3    | Noticed a deep elf master archer
 25940 | Elf:3    | Reached skill level 10 in Armour
 25948 | Elf:3    | Killed a ghostly deep elf blademaster
 25952 | Elf:3    | Killed a deep elf master archer
 25952 | Elf:3    | Received a gift from Okawaru
 25963 | Elf:3    | Noticed a Hell Sentinel
 26093 | Elf:3    | Noticed a Hell Sentinel
 26093 | Elf:3    | Noticed a deep elf master archer
 26098 | Elf:3    | Noticed an Ice Fiend
 26102 | Elf:3    | Killed a deep elf master archer
 26102 | Elf:3    | Reached XP level 18. HP: 158/176 MP: 23/23
 26237 | Elf:3    | Got a transparent amber ring
 26318 | Elf:3    | Reached skill level 18 in Unarmed Combat
 26327 | Elf:3    | Got a bound iron amulet
 26357 | Elf:3    | Got a translucent amber ring
 26367 | Elf:3    | Identified the amulet of Suspected Treachery {rElec rC+ MR+
                  | Regen+ Stlth+} (You found it on level 3 of the Elven Halls)
 26461 | Elf:3    | Identified the +8 morningstar of Lihuobb {drain, rElec
                  | Dex+3} (You found it on level 1 of the Elven Halls)
 26471 | Elf:3    | Got a slimy scimitar
 26472 | Elf:3    | Identified the +1 scimitar "Nubophub" {vorpal, rF+} (You
                  | found it on level 3 of the Elven Halls)
 26479 | Elf:3    | Got a glittering jade ring
 26517 | Elf:3    | Identified the ring of the Cuttlefish {+Fly rElec rC- rN+++
                  | Dex+6} (You found it on level 3 of the Elven Halls)
 26519 | Elf:3    | Identified the cursed ring "Raelynon" {rN+ Int-4} (You
                  | found it on level 3 of the Elven Halls)
 26524 | Elf:3    | Identified the ring of Pibbuf {rElec Str+2 Stlth-} (You
                  | found it on level 3 of the Elven Halls)
 26930 | Shoals:1 | Entered Level 1 of the Shoals
 27645 | Shoals:2 | Noticed Donald
 27662 | Shoals:2 | Killed Donald
 27998 | Shoals:2 | Noticed Roxanne
 28027 | Shoals:2 | Killed Roxanne
 28328 | Shoals:3 | Received a gift from Okawaru
 28329 | Shoals:3 | Got a polished longbow {god gift}
 28819 | Shoals:4 | Entered Level 4 of the Shoals
 29035 | Shoals:4 | Reached skill level 19 in Unarmed Combat
 29135 | Shoals:4 | Received a gift from Okawaru
 29136 | Shoals:4 | Got a scorched hunting sling {god gift}
 29174 | Shoals:4 | Identified the +1 hunting sling of the Freezing Firefly
                  | {venom, *Drain +Inv Str+4} (Okawaru gifted it to you on
                  | level 4 of the Shoals)
 29176 | Shoals:4 | Identified the +7 longbow "Asueshine" {vorpal, +Blink rC+
                  | MP+9} (Okawaru gifted it to you on level 3 of the Shoals)
 29243 | Shoals:4 | Got a barnacled rune of Zot
 29564 | Shoals:4 | Found the amulet of the Air {Inacc +Fly rElec EV+5 RMsl}
 29863 | Spider:1 | Entered Level 1 of the Spider Nest
 30286 | Spider:1 | Received a gift from Okawaru
 30304 | Spider:1 | Reached XP level 19. HP: 188/188 MP: 24/24
 30836 | Spider:2 | Received a gift from Okawaru
 30915 | Spider:2 | Found a frozen archway.
 30921 | IceCv    | Entered an ice cave
 31393 | Spider:2 | Identified the +3 great sword of Irrepressible Laughter
                  | {drain, rN++ Int+5} (Okawaru gifted it to you on level 2 of
                  | the Spider Nest)
 31749 | Spider:3 | Noticed Kirke
 31762 | Spider:3 | Killed Kirke
 31785 | Spider:3 | Reached skill level 20 in Unarmed Combat
 31954 | Spider:3 | Received a gift from Okawaru
 32355 | Spider:4 | Entered Level 4 of the Spider Nest
 32369 | Spider:4 | HP: 8/189 [something (4)]
 32370 | Spider:4 | Succumbed to a ghost moth's poison

Illustrated notes

Levels and vault maps discovered:
D:1:      dpeg_arrival_oval, layout_basic
D:2:      layout_basic
D:3:      layout_basic, first_ration, minmay_door_square, minmay_misc_feat_room
D:4:      wander_river, layout_basic, serial_shops, shop, serial_rivers,
          chequers_serial_rivers_small_3, chequers_serial_rivers_marsh,
          chequers_serial_rivers_micro_e, chequers_serial_rivers_marsh,
          minmay_misc_feat_diagonals
D:5:      layout_basic, lightli_sewer_entry_pipes, fedhas_altar_2
D:6:      layout_gridville, minmay_temple_entry_proselytizer,
          serial_bayou_pond_e, okawaru_metal_pillars_3
D:7:      layout_basic, grunt_temple_overflow_open, grunt_decor_cap,
          uniq_joseph, uniq_harold
D:8:      layout_loops_ring, serial_shops, shop, elyvilon_altar_1, uniq_grum
D:9:      layout_loops_ring, tso_oasis_becter, serial_shops, shop,
          hangedman_pestilent_swarm, chequers_serial_rivers_micro_a, uniq_erica,
          uniq_psyche
D:10:     layout_irregular_city, chequers_serial_rivers_micro_e
D:11:     layout_roguey, david_lair_shrubbed, minmay_orc_entry_temple_small,
          hex_large, kennysheep_generic_room_12
D:12:     layout_basic, serial_shops, shop_fountains,
          hangedman_abyss_or_decor_lesser_grid, fake_guardian_serpent_vault
D:13:     layout_basic, nicolae_trove_entry_free_sample, basic_altar, pf_eden,
          uniq_jorgrun, uniq_nessos, uniq_maurice
D:14:     layout_basic, erik_vaults_1, enter_bailey_2
D:15:     hangedman_depths_entry_try_elsewhere_first, layout_irregular_city,
          serial_park_tiny_pond
Lair:1:   layout_regular_city
Lair:2:   layout_regular_city, grunt_megastairs_3, uniq_nergalle, uniq_gastronok
Lair:3:   layout_small_grid, minmay_shoals_entry_lonely_mermaid,
          spider_nest_entry_a, kennysheep_basilisk_garden
Lair:4:   layout_regular_city
Lair:5:   layout_roguey, st_stairs_6, minivault_27, lemuel_oklob_altar,
          lemuel_fruit_fields
Lair:6:   grunt_lair_end_beastmaster, layout_misc_corridors,
          minmay_slime_entry_oklob_open, gammafunk_ghost_berserking_beasts,
          basic_altar
Shoals:1: layout_shoals
Shoals:2: layout_shoals, yaktaur_hedge, uniq_donald, uniq_roxanne
Shoals:3: layout_shoals
Shoals:4: shoals_end_simple, layout_shoals
Spider:1: layout_spider_delve, nicolae_crawler_farm
Spider:2: layout_spider_delve, portal_ice_cave_entry_pillars_three
Spider:3: layout_spider_delve, nicolae_orb_island, uniq_kirke
Spider:4: grunt_spider_rune_circles
Orc:1:    layout_caves, nicolae_orc_flooded_monolith, david_defended_altar_orc
Orc:2:    grunt_orc_cross, layout_diamond_mine, basic_altar
Elf:1:    elf_arrival_002, layout_loops_cross, serial_shops, shop_statue,
          hangedman_corner_corridor, minivault_15
Elf:2:    layout_geoelf_diagonals, uniq_agnes
Elf:3:    elf_hall, layout_loops_ring, serial_shops, shop_fountains, drop_trap
Depths:1: minmay_the_grid_net [minmay_the_grid_outer_diamond,
          minmay_the_grid_doors, minmay_the_grid_zigzag_pyramid,
          minmay_the_grid_minigrid_medium, minmay_the_grid_large_cup,
          minmay_the_grid_prize_inner_circle], layout_cave_pools,
          pf_hell_entry_tar_spiral, chequers_decorated_corner,
          minmay_fire_ice_demons

Skill      XL: |  1  2  3  4  5  6  7  8  9 10 11 12 13 14 15 16 17 18 19 |
---------------+----------------------------------------------------------+-----
Unarmed Combat | 3 4 5 6 8 9 10 11 12 14 16 17 19 20 | 20.2
Armour         | 1 2 3 4 5 6 7 8 9 10 | 10.9
Dodging        | 3 4 5 6 7 |  7.5
Shields        | 3 4 6 7 8 9 10 11 12 | 12.4
Fighting       | 3 4 5 6 7 8 9 10 11 12 | 12.1
Throwing       | 1 2 3 4 |  4.4
Invocations    | 2 3 4 5 6 7 8 |  8.8
Evocations     | 1 2 3 4 5 6 7 8 |  8.2
Long Blades    | 1 3 |  3.0
Stealth        | 1 |  1.4

Action                   |  1- 3 |  4- 6 |  7- 9 | 10-12 | 13-15 | 16-18 | 19-21 || total
-------------------------+-------+-------+-------+-------+-------+-------+-------++-------
Melee: Unarmed           |   104 |    97 |   255 |   606 |  1353 |  1119 |   346 ||  3880
       Scimitar          |       |       |       |     6 |    11 |       |       ||    17
Throw: Throwing net      |     2 |     1 |       |     4 |     5 |     2 |       ||    14
       Javelin           |       |     3 |    13 |    16 |    44 |    19 |       ||    95
       Dart              |       |     1 |    10 |    16 |    46 |     3 |       ||    76
       Boomerang         |       |       |    14 |    28 |     5 |    32 |    30 ||   109
Invok: Heroism           |       |       |       |     2 |     9 |    23 |     2 ||    36
       Finesse           |       |       |       |     2 |     9 |    14 |     2 ||    27
 Abil: Evoke Flight      |       |       |       |       |     3 |    34 |     3 ||    40
Evoke: Wand              |       |       |     3 |    28 |    40 |    23 |     3 ||    97
       Tin of tremorston |       |       |       |       |     7 |     8 |     6 ||    21
       Lightning rod     |       |       |       |       |     4 |     9 |     4 ||    17
       Phial of floods   |       |       |       |       |       |     1 |       ||     1
  Use: Scroll            |       |     8 |     8 |     5 |    21 |    25 |     5 ||    72
       Potion            |       |     4 |       |     3 |     9 |     7 |       ||    23
 Stab: Held in net/web   |     1 |       |       |       |       |     1 |       ||     2
       Sleeping          |       |       |     6 |     6 |    11 |     1 |       ||    24
       Distracted        |       |       |     1 |       |       |       |       ||     1
       Paralysed         |       |       |       |       |     9 |       |     3 ||    12
       Petrified         |       |       |       |       |     1 |       |       ||     1
       Invisible         |       |       |       |       |       |     1 |       ||     1
  Eat: Chunk             |    21 |     7 |    29 |    48 |   102 |    75 |    12 ||   294
       Ration            |     1 |       |       |       |       |       |     2 ||     3
Armor: Robe              |    37 |    28 |    57 |     2 |       |       |       ||   124
       Troll leather arm |       |       |       |   105 |   120 |    23 |       ||   248
       Ice dragon scales |       |       |       |       |       |   177 |   149 ||   326
Dodge: Dodged            |    33 |    22 |    64 |   214 |   345 |   287 |   148 ||  1113
Block: Kite shield       |    36 |    40 |    56 |       |       |       |       ||   132
       Tower shield      |       |       |   103 |   593 |  1313 |  1204 |   525 ||  3738
       Reflection        |       |       |    11 |    18 |    72 |   109 |     1 ||   211
       Rpst.: Scimitar   |       |       |       |     1 |       |       |       ||     1
